 Dungeon Crawl Stone Soup version 0.30-a0-989-g0d87f670db (webtiles) character file.

Game seed: 18152822434095983198

183 bande the Trooper (level 5, -2/33 HPs)
             Began as a Gargoyle Fighter on Apr 2, 2023.
             Killed by divine providence
             ... invoked by an orc priest
              (13 damage)
             ... on level 4 of the Dungeon.
             The game lasted 00:03:54 (2535 turns).

bande the Trooper (Gargoyle Fighter)                Turns: 2535, Time: 00:03:55

Health: -2/33      AC: 13    Str: 26    XL:     5   Next: 62%
Magic:  5/5        EV:  8    Int:  8    God:
Gold:   95         SH:  4    Dex: 11    Spells: 2/4 levels left

rFire   . . .      SeeInvis .    a - +0 war axe
rCold   . . .      Faith    .    c - +0 buckler
rNeg    + . .      Spirit   .    t - +0 chain mail
rPois   ∞          Reflect  .    (no helmet)
rElec   +          Rampage  .    (no cloak)
rCorr   .                        (no gloves)
Will    .....                    (no boots) Stlth
                                 (no amulet)
HPRegen 0.25/turn                i - +6 ring of strength
MPRegen 0.09/turn                (no ring)

@: no status effects
A: sickness immunity, AC +4, negative energy resistance 1, electricity
resistance, torment resistance 1, petrification resistance
a: no special abilities


You were on level 4 of the Dungeon.
You visited 1 branch of the dungeon, and saw 4 of its levels.

You collected 95 gold pieces.

Inventory:

Hand Weapons
 a - a +0 war axe (weapon)
 q - a +0 flail
Armour
 c - a +0 buckler (worn)
 r - a +1 ring mail of cold resistance
 t - a +0 chain mail (worn)
Jewellery
 i - a +6 ring of strength (left hand)
Scrolls
 f - 3 scrolls of identify {unknown}
 j - 3 scrolls of enchant armour {unknown}
 l - a scroll of amnesia {unknown}
 n - a scroll of fog {unknown}
 o - a scroll of vulnerability {unknown}
 p - a scroll of immolation {unknown}
 s - a scroll of noise {unknown}
Potions
 b - a potion of flight {unknown}
 d - 3 potions of might
 e - 2 potions of heal wounds {unknown}
 g - 2 potions of curing
 h - a potion of brilliance {unknown}
 k - a potion of attraction {unknown}
 m - 3 potions of haste {unknown}


   Skills:
 + Level 4.1 Fighting
 + Level 3.5 Axes
 + Level 4.0 Armour
 + Level 3.8 Shields
 * Level 1.2 Translocations


You had 2 spell levels left.
You knew the following spells:

 Your Spells              Type           Power      Damage    Failure   Level
a - Blink                 Tloc           4%         N/A       97%         2

Your spell library contained the following spells:

 Spells                   Type           Power      Damage    Failure   Level
 Sandblast                Erth           0%         2d4       98%         1
 Ensorcelled Hibernation  Hex/Ice        0%         N/A       99%         2
 Passwall                 Tmut/Erth      0%         N/A       99%         2
 Stone Arrow              Conj/Erth      0%         3d7       100%        3
 Summon Guardian Golem    Hex/Summ       0%         N/A       100%        3
 Swiftness                Air            0%         N/A       100%        3
 Manifold Assault         Tloc           2%         N/A       100%        4
 Orb of Destruction       Conj           0%         9d5       100%        7
 Spellforged Servitor     Conj/Summ      0%         N/A       100%        7
 Storm Form               Tmut/Air       0%         N/A       100%        7


Dungeon Overview and Level Annotations

Branches:
Dungeon (4/15)
 Temple: D:4-7

Altars:
Kikubaaqudgha
Nemelex Xobeh
Yredelemnul
Zin


Innate Abilities, Weirdness & Mutations

You are immune to sickness and miasma.
Your stone body is resilient. (AC +4)
You are immune to poison.
You resist negative energy. (rN+)
You are resistant to electric shocks. (rElec)
You are resistant to unholy torment.
You are immune to petrification.


Message History

No target in view!
No target in view!
No target in view!
No target in view!
No target in view!
No target in view!
HP restored.
Found a stone staircase leading down.
An orc wizard comes into view. It is wielding a +0 dagger.
The orc wizard shouts!
An orc comes into view.
It is wielding a +0 short sword of electrocution.
The orc wizard gestures at you while chanting.
The magic dart hits you!
An orc priest comes into view. It is wielding a +0 whip.
The orc barely misses you.
The orc priest shouts!
You slash the orc!
You kill the orc!
You hear a shout!
The orc priest mumbles some strange prayers to Beogh against you.
Beogh smites you!
You are too injured to fight recklessly!
You are too injured to fight recklessly!
You are too injured to fight recklessly!
You are too injured to fight recklessly!
You are too injured to fight recklessly!
You are too injured to fight recklessly!
You are too injured to fight recklessly!
You are too injured to fight recklessly!
You are too injured to fight recklessly!
You are too injured to fight recklessly!
You are too injured to fight recklessly!
Unknown command.
An orc comes into view. It is wielding a +0 club.
The orc wizard gestures wildly while chanting.
The orc wizard flickers and vanishes!
Deactivating autopickup; reactivate with Ctrl-A.
The orc priest invokes the aid of Beogh against you.
Beogh smites you!
You die...

#...... #.#...#
#.#...###
#.......####
#.......##.## #
#...[...#.#.####.#
#....<##.###.....#
#...))#.## ##.####
#.......# ##@#
#.....##. #.o....#
#..... ..
#..{###.# ######
#.#...## .o...
#....# ##.#. #.#.


You could see an orc priest and an orc.

Vanquished Creatures
  2 orc wizards (D:3)
  A hound skeleton (D:4)
  3 adders
  2 dart slugs
  6 orcs
  4 ball pythons
  4 bats
  7 endoplasms
  4 giant cockroaches
  10 goblins
  2 hobgoblins
  13 jackals
  4 kobolds
  5 quokkas
  5 frilled lizards
  6 rats
78 creatures vanquished.

Notes
Turn   | Place    | Note
-------+----------+-------------------------------------------
     0 | D:1      | bande the Gargoyle Fighter began the quest for the Orb.
     0 | D:1      | Reached XP level 1. HP: 14/14 MP: 1/1
    87 | D:1      | Reached XP level 2. HP: 19/19 MP: 2/2
   322 | D:1      | Reached XP level 3. HP: 23/23 MP: 3/3
   868 | D:2      | Learned a level 2 spell: Blink
  1157 | D:2      | Found a faded altar of an unknown god.
  1166 | D:2      | Reached XP level 4. HP: 28/29 MP: 4/4
  1623 | D:3      | Identified the +9 whip "Otaxugua" {heavy, rF+ rC- rN+
                  | Int+3}
  1691 | D:3      | Reached skill level 1 in Translocations
  1691 | D:3      | Reached XP level 5. HP: 12/33 MP: 5/5
  2226 | D:3      | Found a sparkling altar of Nemelex Xobeh.
  2227 | D:3      | Found a basalt altar of Yredelemnul.
  2227 | D:3      | Found a glowing silver altar of Zin.
  2232 | D:3      | Found an ancient bone altar of Kikubaaqudgha.
  2535 | D:4      | Killed from afar by an orc priest

Illustrated notes

Levels and vault maps discovered:
D:1:      eino_arrival_tree_alley, layout_basic, st_stairs_4,
          hangedman_decor_riveting, minmay_distorted
D:2:      layout_loops_cross, basic_ecumenical_altar, bh_walls_and_bars
D:3:      layout_basic, chequers_temple_overflow_statue_of_worship
D:4:      layout_loops_ring, serial_shops, nicolae_square_shop, serial_undead,
          serial_undead_b, serial_undead_c, serial_undead_a, serial_undead_f,
          uniq_duvessa, uniq_robin

Skill      XL: |  1  2  3  4  5 |
---------------+----------------+-----
Axes           | 2 3 |  3.5
Fighting       | 4 |  4.1
Translocations | 1 |  1.2
Armour         | 4 |  4.0
Shields        | |  3.8

Action                     |  1- 3 |  4- 6 || total
---------------------------+-------+-------++-------
  Melee: War axe           |   126 |   105 ||   231
    Use: Potion            |       |     1 ||     1
 Armour: Scale mail        |    70 |    63 ||   133
         Chain mail        |       |     8 ||     8
  Dodge: Dodged            |    66 |    53 ||   119
  Block: Buckler           |    29 |    20 ||    49

Table legend: (Time is in decaauts)
 A = Elapsed time spent in this place.
 B = Non-inter-level travel time spent in this place.
 C = Inter-level travel time spent in this place.
 D = Time resting spent in this place.
 E = Time spent auto-exploring this place.
 F = Levels seen in this place.
 G = Mean time per level.
                   A        B        C        D        E       F      G
               +--------+--------+--------+--------+--------+-----+--------+
         Total |   2627 |   2588 |     39 |    145 |   1811 |   4 |  656.8 |
       Dungeon |   2627 |   2588 |     39 |    145 |   1811 |   4 |  656.8 |
               +--------+--------+--------+--------+--------+-----+--------+

Top non-repeatable levels by time:
     D:3: 1049 daAuts
     D:1: 838 daAuts
     D:2: 719 daAuts
     D:4: 21 daAuts
